 Dungeon Crawl Stone Soup version 0.19.0-11-g3fc08b3 (webtiles) character file.

89 Gargoyl the Skirmisher (level 4, -5/35 HPs)
             Began as a Demonspawn Abyssal Knight on Nov 10, 2016.
             Was a Follower of Lugonu.
             Killed by divine providence
             ... invoked by an orc priest
              (11 damage)
             ... on level 3 of the Dungeon.
             The game lasted 00:03:43 (2342 turns).

Gargoyl the Skirmisher (Demonspawn Abyssal Knight)  Turns: 2342, Time: 00:03:44

Health: -5/35      AC:  9    Str: 13      XL:     4   Next: 31%
Magic:  6/6        EV:  3    Int: 14      God:    Lugonu [*.....]
Gold:   99         SH:  8    Dex: 11 (12) Spells: 0 memorised, 3 levels left

rFire  . . .     SeeInvis .     a - +1 hand axe
rCold  + . .     Gourm    .     e - +0 chain mail (curse)
rNeg   . . .     Faith    .     d - +2 shield
rPois  .         Spirit   .     (no helmet)
rElec  .         Reflect  .     (no cloak)
rCorr  .         Harm     .     (no gloves)
MR     .....                    (no boots)
Stlth  ..........               (no amulet)
                                (no ring)
                                (no ring)

@: very slightly contaminated, hasted, very quick
A: cold resistance 1, freezing cloud immunity
a: Depart the Abyss, Renounce Religion


You were on level 3 of the Dungeon.
You worshipped Lugonu.
Lugonu was aware of your devotion.
You were not hungry.

You visited 1 branch of the dungeon, and saw 3 of its levels.
You visited the Abyss 1 time.

You collected 99 gold pieces.

Inventory:

Hand Weapons
 a - a +1 hand axe (weapon)
Armour
 d - a +2 shield (worn)
 e - a cursed +0 chain mail (worn)
Scrolls
 b - 3 scrolls of enchant armour {unknown}
 g - a scroll of blinking {unknown}
 i - a scroll of recharging {unknown}
 j - a scroll of identify {unknown}
 k - a scroll of enchant weapon {unknown}
 l - a scroll of magic mapping {unknown}
 o - a scroll of remove curse {unknown}
 p - a scroll of teleportation {unknown}
 r - a scroll of random uselessness {unknown}
 s - a scroll of fog {unknown}
Potions
 m - 2 potions of magic {unknown}
Comestibles
 c - 4 bread rations
 f - a beef jerky


   Skills:
 + Level 3.5 Fighting
 + Level 2.5 Axes
 * Level 2.9 Armour
 + Level 1.0 Dodging
 + Level 0.1 Shields
 * Level 3.1 Invocations


You had 3 spell levels left.
You didn't know any spells.

Dungeon Overview and Level Annotations

Branches:
Dungeon (3/15)

Altars:

Annotations:
D:3 Jessica


Innate Abilities, Weirdness & Mutations

Your flesh is cold resistant. (rC+)
You are immune to freezing clouds.


Message History

You hit the orc. You completely miss the orc.
The orc priest calls upon Beogh to heal the orc.
The orc's wounds heal themselves!
The orc barely misses you.
Unknown command.
You hit the orc priest.
The orc priest is almost dead.
You closely miss the orc.
Your chain mail prevents you from hitting the orc.
The orc priest invokes the aid of Beogh against you.
Beogh smites you!
* * * LOW HITPOINT WARNING * * *
You block the orc's attack.
The orc priest hits you but does no damage.
You block the orc's attack.
You completely miss the orc priest.
The orc priest is almost dead.
You hit the orc. You closely miss the orc.
The orc priest invokes the aid of Beogh against you.
Beogh smites you!
You die...

##........#...########
†'....†..............# ####
##........###........#.....
#........# #######....#
#........# #<#####.#..#
########.# #..........#
#.############.#
#########.##....oo@....#
................@oo.....
#########)##.#########..
#....# ####.# ###


You could see 2 orc priests, Jessica and 2 orcs.

Vanquished Creatures
  4 adders (D:2)
  An ooze (D:1)
  A worm (D:2)
  2 dart slugs
  2 leopard geckos
  8 bats
  5 giant cockroaches
  4 goblins
  A hobgoblin (D:1)
  2 quokkas (D:2)
  2 ball pythons
  2 frilled lizards
  5 kobolds
  6 rats
45 creatures vanquished.

Notes
Turn   | Place    | Note
-------+----------+-------------------------------------------
     0 | Abyss:1  | Gargoyl the Demonspawn Abyssal Knight began the quest for the Orb.
     0 | Abyss:1  | Reached XP level 1. HP: 18/18 MP: 2/2
    98 | Abyss:2  | Found a corrupted altar of Lugonu.
    99 | Abyss:2  | Noticed a quasit
   103 | Abyss:2  | Noticed a titan skeleton
   108 | Abyss:2  | Noticed an ancient zyme
   110 | D:1      | Escaped the Abyss
   330 | D:1      | Gained mutation: Your flesh is cold resistant. (rC+) [demonic ancestry]
   330 | D:1      | Reached XP level 2. HP: 24/24 MP: 3/3
   381 | D:1      | Reached * piety under Lugonu
   983 | D:2      | Gained mutation: You are immune to freezing clouds. [demonic ancestry]
   983 | D:2      | Reached XP level 3. HP: 18/29 MP: 5/5
  1766 | D:2      | Reached XP level 4. HP: 35/35 MP: 6/6
  2134 | D:3      | Reached skill level 1 in Dodging
  2327 | D:3      | Noticed Jessica
  2342 | D:3      | Killed from afar by an orc priest

Skill      XL: |  1  2  3  4 |
---------------+-------------+-----
Axes           | 2 |  2.5
Armour         | 2 |  2.9
Invocations    | 3 |  3.1
Dodging        | 1 |  1.0
Fighting       | |  3.5
Shields        | |  0.1

Action                   |  1- 3 |  4- 6 || total
-------------------------+-------+-------++-------
Melee: Hand axe          |   125 |    62 ||   187
Invok: Depart the Abyss  |     1 |       ||     1
  Use: Potion            |     3 |     4 ||     7
  Eat: Chunk             |     3 |     2 ||     5
Armor: Chain mail        |   109 |    47 ||   156
Dodge: Dodged            |    32 |    16 ||    48
Block: Shield            |    18 |    33 ||    51
